 Dungeon Crawl Stone Soup version 0.17.0-23-g0de4337 (webtiles) character file.

1085 radek the Geomancer (level 8, -7/41 HPs)
             Began as a Gargoyle Earth Elementalist on Nov 14, 2015.
             Hit by a tomahawk thrown by an orc warrior (15 damage)
             ... on level 7 of the Dungeon.
             The game lasted 00:36:34 (7385 turns).

radek the Geomancer (Gargoyle Earth Elementalist)   Turns: 7385, Time: 00:36:34

Health: -7/41      AC:  8    Str: 12    XL:     8   Next: 30%
Magic:  4/15       EV: 13    Int: 18    God:
Gold:   313        SH:  0    Dex: 10    Spells: 4 memorised, 5 levels left

rFire  . . .     SeeInvis .     G - +5 club
rCold  . . .     Clarity  +     e - +0 robe
rNeg   + . .     SustAt   .     (no shield)
rPois  ∞         Gourm    .     (no helmet)
rElec  +         Spirit   .     B - +0 cloak
rCorr  .         Warding  .     (no gloves)
rMut   .         Stasis   .     (no boots)
MR     +....                    J - amulet of clarity
Stlth  ++........               t - ring of protection from magic
                                p - +1 ring of evasion

@: somewhat resistant to hostile enchantments, unstealthy
A: negative energy resistance 1, electricity resistance, unbreathing,
petrification resistance, rot immunity, AC +5
a: no special abilities


You were on level 7 of the Dungeon.
You were hungry.

You visited 1 branch of the dungeon, and saw 7 of its levels.

You collected 313 gold pieces.

Inventory:

Hand Weapons
 a - a +0 club of chaos
 h - a +0 dagger
 k - a +0 club
 n - a +0 mace
 A - a +0 whip
 C - a +0 club of chaos
 G - a +5 club (weapon)
 H - a +1 antimagic scythe
Missiles
 b - 221 stones (quivered)
Armour
 e - a +0 robe (worn)
 y - a +0 cloak
 B - a +0 cloak (worn)
 E - a +0 cloak
Jewellery
 f - an uncursed ring of fire
 p - a +1 ring of evasion (left hand)
 t - a ring of protection from magic (right hand)
 J - an amulet of clarity (around neck)
Wands
 K - a wand of flame (15)
Scrolls
 i - a scroll of fog
 l - a scroll of random uselessness {unknown}
 m - 5 scrolls of remove curse
 o - a scroll of enchant armour {unknown}
 q - a scroll of magic mapping {unknown}
 x - 2 scrolls of amnesia
 F - a scroll of immolation {unknown}
 I - a scroll of identify
 L - a scroll of enchant weapon {unknown}
Potions
 j - a potion of degeneration {unknown}
 r - a potion of poison {unknown}
 s - a potion of haste {unknown}
 v - a potion of magic {unknown}
 w - a potion of mutation {unknown}
 z - 2 potions of curing
Books
 c - a book of Geomancy

   Spells                             Type                      Level
   a - Sandblast                      Earth                        1
   b - Stoneskin                      Transmutation/Earth          2
   c - Passwall                       Transmutation/Earth          3
   d - Stone Arrow                    Conjuration/Earth            3
   e - Petrify                        Transmutation/Earth          4
   f - Lee's Rapid Deconstruction     Earth                        5
Comestibles
 d - 2 bread rations
 g - 3 slices of pizza
 u - 3 meat rations
 D - a beef jerky
 M - a chunk of flesh


   Skills:
 - Level 1.5 Dodging
 - Level 2.1 Stealth
 * Level 4.8 Spellcasting
 + Level 5.8 Conjurations
 - Level 0.7 Transmutations
 + Level 8.0 Earth Magic


You had 5 spell levels left.
You knew the following spells:

 Your Spells              Type           Power        Failure   Level  Hunger
a - Sandblast             Erth           ####..       1%          1    None
b - Stoneskin             Trmt/Erth      ###.....     3%          2    #......
c - Stone Arrow           Conj/Erth      ####..       2%          3    ###....
d - Lee's Rapid Deconstr  Erth           ####......   17%         5    ######.


Dungeon Overview and Level Annotations

Branches:
Dungeon (7/15)
 Temple: D:4-7

Altars:
Qazlal
Xom

Annotations:
D:7 Prince Ribbit


Innate Abilities, Weirdness & Mutations

You are resistant to torment.
Your stone body is resilient (AC +5).
You are immune to poison.
You resist negative energy.
You are resistant to electric shocks.
You can survive without breathing.
You are immune to petrification.
You are immune to rotting.


Message History

Aiming: Stone Arrow
Press: ? - help, Shift-Dir - straight line, f/p - orc warrior
Aim: an orc warrior, wielding a flail and wearing a chain mail The stone arrow hits the orc warrior.
The orc warrior is moderately wounded.
The orc warrior hits you with a flail.
You closely miss the orc warrior.
The orc warrior is moderately wounded.
The orc warrior misses you.
An orc comes into view. It is wielding a dagger.
The orc warrior throws a tomahawk.
The tomahawk hits you!
You see here a tomahawk.
The orc warrior throws a tomahawk.
The tomahawk barely misses you.
You see here a tomahawk.
The orc warrior throws a tomahawk.
The tomahawk hits you!
* * * LOW HITPOINT WARNING * * *
You see here a tomahawk.
The orc warrior throws a tomahawk.
The tomahawk closely misses you.
The orc warrior throws a tomahawk.
The tomahawk hits you!
You die...

########.#..o..#
#.###o#.# #.# #(# #
#.# #.# ##+###(#
#......# #.....(#####
#..........# ######
#....@###########....#
#....................'
#.....###########....#
#..[..# #...## #.....#
#...# #.....# #...#
####### #...# #...##
######


You could see an orc warrior.

Vanquished Creatures
  Sigmund (D:3)
  A phantom (D:3)
  The ghost of nht the Cudgeler, an amateur OgEn of Cheibriados (D:3)
  2 ogres
  A gnoll sergeant (D:7)
  A crimson imp (D:7)
  A giant frog skeleton (D:7)
  An orc priest (D:7)
  Ijyb (D:3)
  A hound (D:7)
  A worker ant (D:4)
  An iguana (D:4)
  An orc wizard (D:7)
  A worker ant zombie (D:7)
  10 adders
  3 gnolls (D:7)
  2 oozes
  5 worms
  2 giant geckos
  11 orcs
  2 giant cockroaches (D:1)
  3 goblins
  14 hobgoblins
  5 jackals
  4 quokkas (D:2)
  5 ball pythons
  9 bats
  4 giant newts
  10 kobolds
  8 rats
112 creatures vanquished.

Vanquished Creatures (others)
  A hound (D:5)
1 creature vanquished.

Grand Total: 113 creatures vanquished

Notes
Turn   | Place    | Note
--------------------------------------------------------------
     0 | D:1      | radek the Gargoyle Earth Elementalist began the quest for the Orb.
     0 | D:1      | Reached XP level 1. HP: 10/10 MP: 3/3
   117 | D:1      | Reached skill level 4 in Earth Magic
   514 | D:1      | Reached XP level 2. HP: 12/15 MP: 5/5
   569 | D:1      | Learned a level 2 spell: Stoneskin
  1900 | D:2      | Reached XP level 3. HP: 16/19 MP: 6/6
  2277 | D:2      | Learned a level 3 spell: Stone Arrow
  2504 | D:2      | Reached skill level 1 in Conjurations
  2504 | D:2      | Reached XP level 4. HP: 12/24 MP: 5/8
  2777 | D:2      | Reached skill level 5 in Earth Magic
  3511 | D:2      | Found a shimmering altar of Xom.
  3515 | D:2      | Reached XP level 5. HP: 28/28 MP: 2/9
  4057 | D:3      | Noticed Ijyb
  4078 | D:3      | Killed Ijyb
  4315 | D:3      | Noticed nht's ghost (amateur OgEn)
  4332 | D:3      | Killed nht's ghost
  4332 | D:3      | Reached XP level 6. HP: 17/32 MP: 1/11
  4582 | D:3      | Learned a level 5 spell: Lee's Rapid Deconstruction
  4721 | D:3      | Noticed a phantom
  4744 | D:3      | Killed a phantom
  4744 | D:3      | Reached skill level 6 in Earth Magic
  4885 | D:3      | Found a stormy altar of Qazlal.
  4908 | D:3      | Noticed Sigmund
  4943 | D:3      | Killed Sigmund
  4943 | D:3      | Reached XP level 7. HP: 36/36 MP: 1/13
  5378 | D:3      | Reached skill level 5 in Conjurations
  5995 | D:4      | Reached skill level 7 in Earth Magic
  6267 | D:5      | Entered Level 5 of the Dungeon
  6435 | D:5      | You fall through a shaft for 2 floors!
  6841 | D:7      | Reached XP level 8. HP: 41/41 MP: 4/14
  7190 | D:7      | Noticed Prince Ribbit
  7213 | D:7      | Reached skill level 8 in Earth Magic
  7385 | D:7      | Hit by a tomahawk thrown by an orc warrior

Action                   |  1- 3 |  4- 6 |  7- 9 || total
-------------------------+-------+-------+-------++-------
Melee: Dagger            |   232 |     1 |       ||   233
       Unarmed           |     7 |       |       ||     7
       Mace              |       |    68 |       ||    68
       Club              |       |    91 |   121 ||   212
 Cast: Sandblast         |    10 |     1 |     1 ||    12
       Stoneskin         |     2 |     2 |     1 ||     5
       Stone Arrow       |       |    25 |    29 ||    54
       Lee's Rapid Decon |       |       |     2 ||     2
  Use: Scroll            |       |       |     4 ||     4
 Stab: Sleeping          |     2 |     4 |       ||     6
       Paralysed         |       |     1 |       ||     1
       Petrifying        |       |       |     1 ||     1
  Eat: Chunk             |     5 |    11 |    10 ||    26
